TOP OF THE 1ST |
University of South Carolina Gamecocks batting - Pitching for University of Arizona Wildcats : RHP Tristen Brown
|
Pitching: RHP Tristen Brown
|
|
Batting: RHB Justin Kurutz
|
0-0: Swinging Strike 0-1: Foul Ball, location: 2F 0-2: Ball 1-2: Strikes out swinging
|
Batting: RHB Lance Neldon
|
0-0: Foul Ball, location: 2F 0-1: Ball 1-1: Foul Ball, location: 2F 1-2: Ball 2-2: Strikes out looking
|
Batting: SHB Keith Mihas
|
0-0: Called Strike 0-1: Ball 1-1: Foul Ball, location: 2LF 1-2: Ball 2-2: Foul Ball, location: 2F 2-2: Fly out, F8 (Line Drive, 8LS, EV 97.5 MPH)
|
Top of the 1st over - 0 runs, 0 hits, 0 errors, 0 left on base; University of South Carolina 0 - University of Arizona 0 |
BOTTOM OF THE 1ST |
University of Arizona Wildcats batting - Pitching for University of South Carolina Gamecocks : RHP Milorad Telacevic
|
Pitching: RHP Milorad Telacevic
|
|
Batting: RHB Ron Dondale
|
0-0: Foul Ball, location: 5FF 0-1: Ball 1-1: Ground out 6-3 (Groundball, 6, EV 101.3 MPH)
|
Batting: LHB Pascal Noël
|
0-0: Ball 1-0: Foul Ball, location: 5FF 1-1: Fly out, F8 (Flyball, 8RM, EV 92.5 MPH)
|
Batting: RHB Ricardo Fernandez
|
0-0: Ball 1-0: Swinging Strike 1-1: Ball 2-1: Foul Ball, location: 2LF 2-2: Strikes out looking
|
Bottom of the 1st over - 0 runs, 0 hits, 0 errors, 0 left on base; University of South Carolina 0 - University of Arizona 0 |
TOP OF THE 2ND |
University of South Carolina Gamecocks batting - Pitching for University of Arizona Wildcats : RHP Tristen Brown
|
Batting: LHB Chris McNay
|
0-0: Called Strike 0-1: Ball 1-1: Called Strike 1-2: Strikes out looking
|
Batting: LHB Bert Webster
|
0-0: Called Strike 0-1: Ball 1-1: Ball 2-1: Ground out 4-3 (Groundball, 4, EV 107.5 MPH)
|
Batting: LHB Jörg Young
|
0-0: SOLO HOME RUN (Flyball, 9D, EV 96.9 MPH), Distance : 355 ft
|
Batting: RHB Ben Turner
|
0-0: Ball 1-0: Foul Ball, location: 2RF 1-1: Ground out 4-3 (Groundball, 4, EV 96.9 MPH)
|
Top of the 2nd over - 1 run, 1 hit, 0 errors, 0 left on base; University of South Carolina 1 - University of Arizona 0 |
BOTTOM OF THE 2ND |
University of Arizona Wildcats batting - Pitching for University of South Carolina Gamecocks : RHP Milorad Telacevic
|
Batting: LHB Lihau Keawe
|
0-0: Ball 1-0: SINGLE (Line Drive, 3D, EV 102.5 MPH)
|
Batting: RHB Mark Walters
|
0-0: Grounds into double play, 6-4-3 (Groundball, 6, EV 80.0 MPH)
|
Batting: RHB Larry Harlow
|
0-0: Ground out 4-3 (Groundball, 4, EV 83.8 MPH)
|
Bottom of the 2nd over - 0 runs, 1 hit, 0 errors, 0 left on base; University of South Carolina 1 - University of Arizona 0 |
TOP OF THE 3RD |
University of South Carolina Gamecocks batting - Pitching for University of Arizona Wildcats : RHP Tristen Brown
|
Batting: RHB Jeff Swanson
|
0-0: Ball 1-0: Ball 2-0: Called Strike 2-1: Foul Ball, location: 23F 2-2: Strikes out looking
|
Batting: RHB Josh Shirkey
|
0-0: Called Strike 0-1: Ball 1-1: Foul Ball, location: 3F 1-2: Ball 2-2: Foul Ball, location: 9LDF 2-2: Foul Ball, location: 5DF 2-2: Ball 3-2: Strikes out swinging, 2-3 out at first.
|
Batting: RHB Justin Kurutz
|
0-0: SOLO HOME RUN (Flyball, 8LXD, EV 112.5 MPH), Distance : 431 ft
|
Batting: RHB Lance Neldon
|
0-0: Foul Ball, location: 2F 0-1: Ball 1-1: Foul Ball, location: 2F 1-2: Ball 2-2: Ball 3-2: Base on Balls
|
Batting: SHB Keith Mihas
|
0-0: Ball 1-0: Ball Passed Ball! Lance Neldon to second 2-0: Ball 3-0: Called Strike 3-1: Called Strike 3-2: SINGLE (Line Drive, 8RS, EV 105.0 MPH) Lance Neldon to third Runner from 3rd tries for Home, SAFE, throw by CF to home
|
Batting: LHB Chris McNay
|
0-0: Ball 1-0: Ball 2-0: Foul Ball, location: 9LSF 2-1: Fly out, F7 (Line Drive, 7, EV 102.5 MPH)
|
Top of the 3rd over - 2 runs, 2 hits, 0 errors, 1 left on base; University of South Carolina 3 - University of Arizona 0 |
BOTTOM OF THE 3RD |
University of Arizona Wildcats batting - Pitching for University of South Carolina Gamecocks : RHP Milorad Telacevic
|
Batting: RHB Carlos Maravilla
|
0-0: Ball 1-0: Ball 2-0: Ground out 5-3 (Groundball, 56, EV 85.0 MPH)
|
Batting: LHB Kevin Verret
|
0-0: Called Strike 0-1: Ball 1-1: Called Strike 1-2: Ground out 4-3 (Groundball, 4MS, EV 69.4 MPH)
|
Batting: SHB Pat Kidd
|
0-0: Ball 1-0: SINGLE (Line Drive, 78S, EV 103.8 MPH)
|
Batting: RHB Ron Dondale
|
0-0: SINGLE (Groundball, 34D, EV 99.4 MPH) Pat Kidd to second Runner from 2nd tries for 3rd, SAFE, throw by RF made to third
|
Batting: LHB Pascal Noël
|
0-0: Ball 1-0: Foul Ball, location: 25F 1-1: Ball 2-1: Swinging Strike 2-2: Strikes out swinging
|
Bottom of the 3rd over - 0 runs, 2 hits, 0 errors, 2 left on base; University of South Carolina 3 - University of Arizona 0 |
TOP OF THE 4TH |
University of South Carolina Gamecocks batting - Pitching for University of Arizona Wildcats : RHP Tristen Brown
|
Batting: LHB Bert Webster
|
0-0: Called Strike 0-1: Ball 1-1: Called Strike 1-2: Strikes out swinging
|
Batting: LHB Jörg Young
|
0-0: Ball 1-0: Ball 2-0: Swinging Strike 2-1: Ball 3-1: Foul Ball, location: 2F 3-2: DOUBLE (Groundball, 3L, EV 98.1 MPH)
|
Batting: RHB Ben Turner
|
0-0: Ground out 6-3 (Groundball, 56, EV 103.1 MPH) Jörg Young to third
|
Batting: RHB Jeff Swanson
|
0-0: Called Strike 0-1: Ball 1-1: Foul Ball, location: 2F 1-2: Strikes out swinging
|
Top of the 4th over - 0 runs, 1 hit, 0 errors, 1 left on base; University of South Carolina 3 - University of Arizona 0 |
BOTTOM OF THE 4TH |
University of Arizona Wildcats batting - Pitching for University of South Carolina Gamecocks : RHP Milorad Telacevic
|
Batting: RHB Ricardo Fernandez
|
0-0: Swinging Strike 0-1: Ball 1-1: Fly out, F8 (Flyball, 8RD, EV 109.4 MPH)
|
Batting: LHB Lihau Keawe
|
0-0: Ball 1-0: Ball 2-0: Ground out 4-3 (Groundball, 4, EV 84.4 MPH)
|
Batting: RHB Mark Walters
|
0-0: Ball 1-0: Foul Ball, location: 9LSF 1-1: SOLO HOME RUN (Flyball, 7D, EV 100.6 MPH), Distance : 375 ft
|
Batting: RHB Larry Harlow
|
0-0: Ball 1-0: Ground out 6-3 (Groundball, 6, EV 93.1 MPH)
|
Bottom of the 4th over - 1 run, 1 hit, 0 errors, 0 left on base; University of South Carolina 3 - University of Arizona 1 |
TOP OF THE 5TH |
University of South Carolina Gamecocks batting - Pitching for University of Arizona Wildcats : RHP Tristen Brown
|
Batting: RHB Josh Shirkey
|
0-0: Called Strike 0-1: Fly out, F9 (Flyball, 89S, EV 96.9 MPH)
|
Batting: RHB Justin Kurutz
|
0-0: Ball 1-0: Ground out 1-3 (Groundball, 13S, EV 63.1 MPH)
|
Batting: RHB Lance Neldon
|
0-0: Fly out, F7 (Flyball, 7, EV 90.0 MPH)
|
Top of the 5th over - 0 runs, 0 hits, 0 errors, 0 left on base; University of South Carolina 3 - University of Arizona 1 |
BOTTOM OF THE 5TH |
University of Arizona Wildcats batting - Pitching for University of South Carolina Gamecocks : RHP Milorad Telacevic
|
Batting: RHB Carlos Maravilla
|
0-0: SINGLE (Groundball, 4MD, EV 104.4 MPH)
|
Batting: LHB Kevin Verret
|
0-0: Called Strike 0-1: Fly out, F9 (Flyball, 89D, EV 96.9 MPH)
|
Pinch Hitting: LHB Jere Paatelainen
|
0-0: Fly out, F8 (Flyball, 8LD, EV 100.0 MPH)
|
Batting: RHB Ron Dondale
|
0-0: Ball 1-0: Called Strike 1-1: Swinging Strike 1-2: Strikes out swinging
|
Bottom of the 5th over - 0 runs, 1 hit, 0 errors, 1 left on base; University of South Carolina 3 - University of Arizona 1 |
TOP OF THE 6TH |
University of South Carolina Gamecocks batting - Pitching for University of Arizona Wildcats : RHP Tristen Brown
|
Now in CF: Jere Paatelainen
|
|
Now in RF: Kevin Verret
|
|
Batting: SHB Keith Mihas
|
0-0: Fly out, F9 (Flyball, 89M, EV 90.6 MPH)
|
Batting: LHB Chris McNay
|
0-0: Ball 1-0: Foul Ball, location: 7LMF 1-1: Ball 2-1: Foul Ball, location: 2F 2-2: Foul Ball, location: 3DF 2-2: Foul Ball, location: 9LDF 2-2: Foul Ball, location: 7LDF 2-2: Ball 3-2: Foul Ball, location: 7LMF 3-2: Strikes out swinging
|
Batting: LHB Bert Webster
|
0-0: Swinging Strike 0-1: Ball 1-1: Called Strike 1-2: Ball 2-2: Ball 3-2: Base on Balls
|
Pitching: LHP Victor Silva
|
|
Batting: LHB Jörg Young
|
0-0: Foul Ball, location: 7LMF 0-1: Fly out, F3 (Popup, 3F, EV 68.8 MPH)
|
Top of the 6th over - 0 runs, 0 hits, 0 errors, 1 left on base; University of South Carolina 3 - University of Arizona 1 |
BOTTOM OF THE 6TH |
University of Arizona Wildcats batting - Pitching for University of South Carolina Gamecocks : RHP Milorad Telacevic
|
Batting: LHB Pascal Noël
|
0-0: Ball 1-0: Called Strike 1-1: Swinging Strike 1-2: Strikes out looking
|
Batting: RHB Ricardo Fernandez
|
0-0: Ground out 5-3 (Groundball, 25, EV 91.9 MPH)
|
Batting: LHB Lihau Keawe
|
0-0: Foul Ball, location: 7LDF 0-1: Ball 1-1: Foul Ball, location: 7LMF 1-2: Fly out, F9 (Flyball, 89S, EV 92.5 MPH)
|
Bottom of the 6th over - 0 runs, 0 hits, 0 errors, 0 left on base; University of South Carolina 3 - University of Arizona 1 |
TOP OF THE 7TH |
University of South Carolina Gamecocks batting - Pitching for University of Arizona Wildcats : LHP Victor Silva
|
Batting: RHB Ben Turner
|
0-0: Ball 1-0: Foul Ball, location: 9LMF 1-1: Ball 2-1: SINGLE (Groundball, 34, EV 105.6 MPH)
|
Batting: RHB Jeff Swanson
|
0-0: Called Strike 0-1: Ball 1-1: Swinging Strike 1-2: Hit by Pitch Ben Turner to second
|
Batting: RHB Josh Shirkey
|
0-0: Bunted foul 0-1: Sac Bunt to 3S - play at first, batter OUT! 3-1 Ben Turner to third Jeff Swanson to second
|
Batting: RHB Justin Kurutz
|
0-0: Ball 1-0: Ball 2-0: Ball 3-0: Base on Balls
|
Batting: RHB Lance Neldon
|
0-0: Ball 1-0: Swinging Strike 1-1: Ball 2-1: Swinging Strike 2-2: Ball 3-2: Strikes out swinging
|
Batting: SHB Keith Mihas
|
0-0: Ball 1-0: Swinging Strike 1-1: Ball 2-1: Foul Ball, location: 2LF 2-2: Strikes out swinging
|
Top of the 7th over - 0 runs, 1 hit, 0 errors, 3 left on base; University of South Carolina 3 - University of Arizona 1 |
BOTTOM OF THE 7TH |
University of Arizona Wildcats batting - Pitching for University of South Carolina Gamecocks : RHP Milorad Telacevic
|
Pinch Hitting: RHB Eddy Amaya
|
0-0: Foul Ball, location: 9LSF 0-1: SINGLE (Line Drive, 89S, EV 110.0 MPH)
|
Batting: RHB Larry Harlow
|
0-0: Fly out, F8 (Line Drive, 8LD, EV 96.9 MPH)
|
Batting: RHB Carlos Maravilla
|
0-0: Swinging Strike 0-1: Ball 1-1: Ball 2-1: Fly out, F8 (Line Drive, 8RD, EV 96.9 MPH)
|
Batting: LHB Kevin Verret
|
0-0: Ball 1-0: Ground out 4-3 (Groundball, 34S, EV 93.1 MPH)
|
Bottom of the 7th over - 0 runs, 1 hit, 0 errors, 1 left on base; University of South Carolina 3 - University of Arizona 1 |
TOP OF THE 8TH |
University of South Carolina Gamecocks batting - Pitching for University of Arizona Wildcats : LHP Victor Silva
|
Pitching: RHP Gordon Angwin
|
|
Now at 1B: Eddy Amaya
|
|
Batting: LHB Chris McNay
|
0-0: Called Strike 0-1: DOUBLE (Groundball, 3L, EV 105.0 MPH)
|
Batting: LHB Bert Webster
|
0-0: Swinging Strike 0-1: Ball 1-1: SINGLE (Line Drive, 6D, EV 97.5 MPH) Chris McNay to third
|
Batting: LHB Jörg Young
|
0-0: Swinging Strike 0-1: Ball 1-1: Ball 2-1: Ball 3-1: Base on Balls Bert Webster to second
|
Batting: RHB Ben Turner
|
0-0: Ball 1-0: Foul Ball, location: 2F 1-1: Called Strike 1-2: Ball 2-2: Ball 3-2: Base on Balls Chris McNay scores Bert Webster to third Jörg Young to second
|
Batting: RHB Jeff Swanson
|
0-0: Ball 1-0: Called Strike 1-1: Called Strike 1-2: Fly out, F7 (Flyball, 7S, EV 90.6 MPH)
|
Batting: RHB Josh Shirkey
|
0-0: Called Strike 0-1: Fly out, F9 (Flyball, 89D, EV 81.9 MPH) Runner from 3rd tags up, SCORES, throw by RF Jörg Young to third
|
Batting: RHB Justin Kurutz
|
0-0: DOUBLE (Flyball, 89XD, EV 103.8 MPH) Jörg Young scores Ben Turner to third Runner from 3rd tries for Home, SAFE, throw by RF to home
|
Pitching: RHP Steve Wiest
|
|
Batting: RHB Lance Neldon
|
0-0: Fly out, F9 (Line Drive, 9S, EV 85.0 MPH)
|
Top of the 8th over - 4 runs, 3 hits, 0 errors, 1 left on base; University of South Carolina 7 - University of Arizona 1 |
BOTTOM OF THE 8TH |
University of Arizona Wildcats batting - Pitching for University of South Carolina Gamecocks : RHP Milorad Telacevic
|
Batting: LHB Jere Paatelainen
|
0-0: Ball 1-0: Called Strike 1-1: Swinging Strike 1-2: DOUBLE (Line Drive, 9LD, EV 108.1 MPH)
|
Batting: RHB Ron Dondale
|
0-0: Foul Ball, location: 5FF 0-1: Ball 1-1: Called Strike 1-2: Ball 2-2: Foul Ball, location: 5F 2-2: Ground out 4-3 (Groundball, 4, EV 106.3 MPH) Jere Paatelainen to third
|
Batting: LHB Pascal Noël
|
0-0: Fly out, F8 (Line Drive, 8RS, EV 88.1 MPH)
|
Batting: RHB Ricardo Fernandez
|
0-0: Ball 1-0: Fly out, F8 (Flyball, 8RD, EV 107.5 MPH)
|
Bottom of the 8th over - 0 runs, 1 hit, 0 errors, 1 left on base; University of South Carolina 7 - University of Arizona 1 |
TOP OF THE 9TH |
University of South Carolina Gamecocks batting - Pitching for University of Arizona Wildcats : RHP Steve Wiest
|
Pitching: RHP Chris Galloway
|
|
Batting: SHB Keith Mihas
|
0-0: Called Strike 0-1: Swinging Strike 0-2: Foul Ball, location: 2LF 0-2: Strikes out swinging
|
Batting: LHB Chris McNay
|
0-0: Called Strike 0-1: Ball 1-1: Ball 2-1: Swinging Strike 2-2: Strikes out swinging
|
Batting: LHB Bert Webster
|
0-0: Swinging Strike 0-1: Swinging Strike 0-2: Foul Ball, location: 2F 0-2: Ball 1-2: Foul Ball, location: 3F 1-2: Strikes out swinging
|
Top of the 9th over - 0 runs, 0 hits, 0 errors, 0 left on base; University of South Carolina 7 - University of Arizona 1 |
BOTTOM OF THE 9TH |
University of Arizona Wildcats batting - Pitching for University of South Carolina Gamecocks : RHP Milorad Telacevic
|
Batting: LHB Lihau Keawe
|
0-0: Ball 1-0: Ball 2-0: Called Strike 2-1: Ball 3-1: Foul Ball, location: 2F 3-2: Ground out 4-3 (Groundball, 4, EV 103.1 MPH)
|
Pitching: LHP Cris Duran
|
|
Batting: RHB Eddy Amaya
|
0-0: Called Strike 0-1: Ground out 4-3 (Groundball, 13, EV 88.8 MPH)
|
Batting: RHB Larry Harlow
|
0-0: Called Strike 0-1: Ball 1-1: Fly out, F8 (Flyball, 8LS, EV 88.8 MPH)
|
Bottom of the 9th over - 0 runs, 0 hits, 0 errors, 0 left on base; University of South Carolina 7 - University of Arizona 1 |
|